Construct Infanterie Kompanie
Construct Luftwaffe Kompanie
Selects 2.5-tonne Cargo Truck
Selects Assault Grenadiers
Selects Smoke Bombing Run
Marder III M Tank Destroyer
Luftwaffe Officer Quarters
Selects Mechanized Assault Group
Flak 30 Anti-aircraft Gun Team
Construct Panzer Kompanie
Selects Panzer IV Command Tank Sd.Kfz. 161/1
Marder III M Tank Destroyer
Selects Breakthrough Battlegroup
Selects Italian Coastal Battlegroup